 Dungeon Crawl Stone Soup version 0.24-a0-250-g6074511 (webtiles) character file.

Game seed: 9690412320407168884

1474 Borgoz the Cutter (level 9, -3/54 HPs)
             Began as a Kobold Gladiator on Apr 14, 2019.
             Was an Initiate of Ashenzari.
             Slain by a hornet (8 damage)
             ... on level 7 of the Dungeon.
             The game lasted 00:08:35 (7280 turns).

Borgoz the Cutter (Kobold Gladiator)                Turns: 7280, Time: 00:08:37

Health: -3/54      AC:  4    Str: 14    XL:     9   Next: 6%
Magic:  9/9        EV: 18    Int: 12    God:    Ashenzari [......]
Gold:   366        SH:  0    Dex: 17    Spells: 8/8 levels left

rFire    + + .     SeeInvis .   b - +2 dagger (venom)
rCold    + . .     Gourm    .   (shield restricted)
rNeg     . . .     Faith    .   g - +0 leather armour
rPois    +         Spirit   .   c - +0 helmet
rElec    +         Reflect  .   (no cloak)
rCorr    +         Harm     .   (no gloves)
MR       .....                  (no boots)
Stlth    +++.......             (no amulet)
HPRegen  0.18/turn              h - ring of protection from fire
MPRegen  0.11/turn              o - +3 ring of intelligence

@: lethally poisoned (-3 -> -11), resistant, slowed, very slow
A: small, carnivore
a: Curse Item, Renounce Religion


You were on level 7 of the Dungeon.
You worshipped Ashenzari.
Ashenzari was noncommittal.
You were very full.

You visited 2 branches of the dungeon, and saw 8 of its levels.

You collected 366 gold pieces.

Inventory:

Hand Weapons
 a - a +0 rapier
 b - a +2 dagger of venom (weapon)
Armour
 c - a +0 helmet (worn)
 g - a +0 leather armour (worn)
Jewellery
 h - a ring of protection from fire (left hand)
 o - a +3 ring of intelligence (right hand)
 u - an uncursed amulet of harm
Wands
 q - a wand of enslavement (18)
 v - a wand of flame (17)
Scrolls
 e - 6 scrolls of identify {unknown}
 i - 3 scrolls of magic mapping {unknown}
 j - a scroll of enchant armour {unknown}
 k - a scroll of fear {unknown}
 l - 3 scrolls of teleportation {unknown}
 m - a scroll of amnesia {unknown}
 n - a scroll of remove curse
 r - a scroll of random uselessness {unknown}
 t - a scroll of enchant weapon {unknown}
 w - a scroll of summoning {unknown}
Potions
 p - a potion of might
 s - 2 potions of curing {unknown}
 x - a potion of agility {unknown}
 z - a potion of lignification {unknown}
 A - 2 potions of mutation {unknown}
Comestibles
 f - 12 rations


   Skills:
 + Level 5.2 Fighting
 + Level 7.0 Short Blades
 - Level 2.1 Throwing
 * Level 5.1 Armour
 + Level 6.2 Dodging
 - Level 5.0 Stealth


You had 8 spell levels left.
You didn't know any spells.
Your spell library was empty.

Dungeon Overview and Level Annotations

Branches:
Dungeon (7/15)             Temple (1/1) D:5

Altars:
Ashenzari
Cheibriados
Dithmenos
Elyvilon
Fedhas
Gozag
Hepliaklqana
Kikubaaqudgha
Makhleb
Nemelex Xobeh
Okawaru
Qazlal
Ru
Sif Muna
Trog
Uskayaw
Vehumet
Wu Jian
Xom
Yredelemnul
Zin
The Shining One

Annotations:
D:4 1 runed translucent door


Innate Abilities, Weirdness & Mutations

You are small and have problems with some larger weapons.
You are carnivorous and can eat meat at any time.


Message History

The howler monkey barely misses you.
You hit the howler monkey.
The howler monkey looks as sick as possible!
The howler monkey is almost dead.
You kill the howler monkey!
A hornet comes into view.
The hornet stings you!
You feel yourself slow down.
You see here a howler monkey corpse.
You barely miss the hornet. The hornet stings you!
* * * LOW HITPOINT WARNING * * *
You are poisoned.
You feel as though you will be slow longer.
The hornet stings you!
* * * LOW HITPOINT WARNING * * *
You feel as though you will be slow longer.
It was a potion of resistance.
You feel protected.
* * * LOW HITPOINT WARNING * * *
You feel sick. The hornet stings you!
You die...

#####.####
........$ .
#....# ..
#)...##.#
##.......#
#.....#### #
##)...<#
#.##†.....#
#..@.#....#
#...y########
#..##Z #.. ..
# .## .. ##


You could see a hornet and an adder zombie.

Vanquished Creatures
  An ice beast (D:5)
  An ogre (D:6)
  A phantom (D:6)
  2 centaurs
  A bullfrog (D:6)
  2 scorpions
  A water moccasin zombie (D:6)
  A water moccasin skeleton (D:5)
  3 howler monkeys
  2 crimson imps
  An orc priest (D:3)
  2 jellies (D:6)
  A bullfrog zombie (D:5)
  2 hounds
  An orc wizard (D:5)
  Natasha (thrice) (D:3)
  A centaur skeleton (D:2)
  A gnoll shaman (D:4)
  Ijyb (D:3)
  A worker ant (D:6)
  A hound skeleton (D:4)
  Robin (D:3)
  4 gnolls
  5 adders
  2 shadow imps
  An ooze (D:2)
  2 worms (D:2)
  3 dart slugs
  2 leopard geckos
  6 orcs
  A giant cockroach (D:2)
  11 goblins
  13 hobgoblins
  3 jackals (D:1)
  7 kobolds
  3 quokkas
  2 ball pythons (D:3)
  4 bats (D:2)
  3 frilled lizards
  A leopard gecko skeleton (D:4)
  17 rats
121 creatures vanquished.

Notes
Turn   | Place    | Note
-------+----------+-------------------------------------------
     0 | D:1      | Borgoz the Kobold Gladiator began the quest for the Orb.
     0 | D:1      | Reached XP level 1. HP: 12/12 MP: 1/1
   113 | D:1      | Reached skill level 1 in Stealth
   113 | D:1      | Reached XP level 2. HP: 9/18 MP: 2/2
   613 | D:1      | Reached XP level 3. HP: 21/22 MP: 3/3
   683 | D:2      | Reached skill level 1 in Armour
   701 | D:2      | Reached XP level 4. HP: 24/27 MP: 4/4
   951 | D:2      | Noticed a moth of wrath
   954 | D:2      | Found a bloodstained altar of Trog.
  1086 | D:2      | Found a shadowy altar of Dithmenos.
  1247 | D:2      | Reached XP level 5. HP: 32/32 MP: 5/5
  1832 | D:3      | Noticed Robin
  2224 | D:3      | Killed Robin
  2520 | D:3      | Found an ancient bone altar of Kikubaaqudgha.
  2824 | D:3      | Reached skill level 5 in Short Blades
  2824 | D:3      | Reached XP level 6. HP: 13/37 MP: 6/6
  3052 | D:3      | Noticed Natasha
  3058 | D:3      | Killed Natasha
  3180 | D:3      | Noticed Ijyb
  3199 | D:3      | Killed Ijyb
  3273 | D:3      | Noticed Natasha
  3282 | D:3      | Killed Natasha
  3365 | D:3      | Noticed Natasha
  3374 | D:3      | Killed Natasha
  3615 | D:4      | Found a glowing silver altar of Zin.
  3618 | D:4      | Noticed an angel
  3619 | D:4      | Found a shimmering altar of Xom.
  4001 | D:5      | Entered Level 5 of the Dungeon
  4013 | D:5      | Reached XP level 7. HP: 35/41 MP: 7/7
  4245 | D:4      | Found a glowing silver altar of Zin.
  4246 | D:4      | Found a runed translucent door.
  4246 | D:4      | Noticed an angel
  4684 | D:5      | Reached skill level 5 in Dodging
  4867 | D:5      | Reached XP level 8. HP: 20/48 MP: 8/8
  5034 | D:5      | Reached skill level 6 in Short Blades
  5292 | D:5      | Found a staircase to the Ecumenical Temple.
  5394 | Temple   | Entered the Ecumenical Temple
  5406 | Temple   | Became a worshipper of Ashenzari the Shackled
  5779 | D:6      | Reached skill level 5 in Stealth
  5815 | D:6      | Found an opulent altar of Gozag.
  6720 | D:6      | Found a glowing golden altar of the Shining One.
  6749 | D:6      | Found an iron altar of Okawaru.
  6791 | D:6      | Found a shimmering altar of Xom.
  7035 | D:6      | Reached skill level 5 in Fighting
  7208 | D:7      | Reached skill level 5 in Armour
  7215 | D:7      | Reached XP level 9. HP: 49/54 MP: 9/9
  7269 | D:7      | Reached skill level 7 in Short Blades
  7277 | D:7      | Noticed a hornet
  7280 | D:7      | Slain by a hornet

Levels and vault maps discovered:
D:1:      elethiomel_arrival_shortcut, layout_basic
D:2:      layout_loops_ring, grunt_dithmenos_smoke, tgw_trog, first_ration,
          amethyst_killhole, kennysheep_cluttered_room, minmay_rat_gold_closets
D:3:      layout_loops_corners, kiku_gazebo_pond_becter, uniq_natasha,
          uniq_robin, uniq_ijyb
D:4:      layout_gridville, grunt_temple_overflow_order_and_chaos_1,
          lemuel_angel_altar
D:5:      layout_rooms, minmay_temple_entry_statues_fountains,
          minmay_misc_feat_roman
D:6:      layout_basic, gammafunk_temple_overflow_statue, basic_altar,
          brannock_xom_greatest_gift
D:7:      layout_rooms, ebering_ghost_disaster_area, uniq_pikel
Temple:   eino_temple_water

Skill      XL: |  1  2  3  4  5  6  7  8  9 |
---------------+----------------------------+-----
Stealth        | 1 2 3 4 5 |  5.0
Armour         | 1 2 3 5 |  5.1
Dodging        | 4 5 6 |  6.2
Fighting       | 3 4 5 |  5.2
Short Blades   | 5 6 7 |  7.0
Throwing       | |  2.1

Action                   |  1- 3 |  4- 6 |  7- 9 || total
-------------------------+-------+-------+-------++-------
Melee: Rapier            |    51 |   171 |       ||   222
       Dagger            |       |    79 |   236 ||   315
Throw: Throwing net      |     1 |     5 |     1 ||     7
  Use: Potion            |       |     2 |     1 ||     3
 Stab: Held in net/web   |     1 |     2 |       ||     3
       Sleeping          |       |    10 |     4 ||    14
  Eat: Chunk             |     2 |    16 |    10 ||    28
Armor: Leather armour    |     8 |    41 |    16 ||    65
Dodge: Dodged            |    37 |   210 |   123 ||   370

Table legend:
 A = Non-vault XP
 B = Vault XP
 C = Vault XP percentage of total XP
 D = Non-vault monster count
 E = Vault monster count
 F = Vault count percentage of total count
                 A         B        C        D         E       F
            +---------+---------+-------+---------+---------+-------
      Total |    1977 |     130 |   6.2 |      94 |      27 |  22.3
            +---------+---------+-------+---------+---------+-------
        D:1 |      30 |       0 |   0.0 |      10 |       0 |   0.0
        D:2 |     115 |      22 |  16.1 |      29 |      14 |  32.6
        D:3 |     158 |     108 |  40.6 |      15 |      13 |  46.4
        D:4 |     233 |       0 |   0.0 |      11 |       0 |   0.0
        D:5 |     499 |       0 |   0.0 |      13 |       0 |   0.0
        D:6 |     650 |       0 |   0.0 |      12 |       0 |   0.0
        D:7 |     292 |       0 |   0.0 |       4 |       0 |   0.0
            +---------+---------+-------+---------+---------+-------
